 Dungeon Crawl Stone Soup version 0.19.4-8-ga85b6b9 (webtiles) character file.

2010 Gargoyl the Twirler (level 9, -11/74 HPs)
             Began as a Ghoul Abyssal Knight on Feb 11, 2017.
             Was an Elder of Lugonu.
             Mangled by endorz's ghost (18 damage)
             ... on level 7 of the Dungeon.
             The game lasted 00:17:35 (6394 turns).

Gargoyl the Twirler (Ghoul Abyssal Knight)          Turns: 6394, Time: 00:17:36

Health: -11/74     AC: 13    Str: 16      XL:     9   Next: 22%
Magic:  8/12       EV:  7    Int:  7      God:    Lugonu [****..]
Gold:   397        SH:  0    Dex:  9 (11) Spells: 0 memorised, 8 levels left

rFire  + + .     SeeInvis .     f - +2 quarterstaff of Internal Strife {drain, rF++}
rCold  + . .     Gourm    .     r - +0 chain mail (curse)
rNeg   + + +     Faith    .     (shield currently unavailable)
rPois  ∞         Spirit   .     (no helmet)
rElec  .         Reflect  .     y - +1 cloak
rCorr  .         Harm     .     n - +0 pair of gloves
MR     .....                    (no boots)
Stlth  ..........               (no amulet)
                                (no ring)
                                h - +3 ring of slaying

@: rotting
A: rotting body, claws 1, carnivore 3, cold resistance 1, negative energy
resistance 3, slow regeneration 1, torment resistance, unbreathing
a: Depart the Abyss, Bend Space, Banish, Corrupt, Renounce Religion


You were on level 7 of the Dungeon.
You worshipped Lugonu.
Lugonu was greatly pleased with you.
You were not hungry.

You visited 1 branch of the dungeon, and saw 7 of its levels.
You visited the Abyss 1 time.
You also visited: Sewer.

You collected 397 gold pieces.

Inventory:

Hand Weapons
 f - the +2 quarterstaff of Internal Strife (weapon) {drain, rF++}
   (You found it on level 4 of the Abyss)

   A truly terrible weapon, it drains the life of those it strikes.
   It greatly protects you from fire.
 g - a +2 war axe of chopping
 k - a +1 war axe
 u - a +0 war axe
 v - a +0 blowgun
Missiles
 t - 5 steel javelins (quivered)
 w - 37 poisoned needles
Armour
 n - a +0 pair of gloves (worn)
 r - a cursed +0 chain mail (worn)
 y - a +1 cloak (worn)
 E - a +0 buckler
 G - a +0 plate armour
Jewellery
 h - a +3 ring of slaying (left hand)
Wands
 D - a wand of disintegration (8/24)
Scrolls
 e - 6 scrolls of identify
 p - a scroll of enchant weapon
 s - a scroll of teleportation
 B - a scroll of fog
Potions
 b - 6 potions of curing
 d - a potion of cure mutation {unknown}
 i - 6 potions of heal wounds
 j - 2 potions of berserk rage
 o - a potion of agility
 x - 3 potions of brilliance
Books
 a - a book of Air

   Spells                             Type                      Level
   a - Shock                          Conjuration/Air              1
   b - Swiftness                      Charms/Air                   2
   c - Repel Missiles                 Charms/Air                   2
   d - Static Discharge               Conjuration/Air              3
   e - Lightning Bolt                 Conjuration/Air              5
Comestibles
 c - 3 meat rations
 l - 3 beef jerkies
 m - a royal jelly
 A - a slice of pizza


   Skills:
 + Level 5.0 Fighting
 + Level 1.9 Axes
 * Level 7.4 Staves
 + Level 0.3 Throwing
 * Level 5.5 Armour
 + Level 1.8 Dodging
 * Level 5.3 Invocations


You had 8 spell levels left.
You didn't know any spells.

Dungeon Overview and Level Annotations

Branches:
Dungeon (7/15)             Temple (0/1) D:4

Altars:
Fedhas
Qazlal
Trog
Xom
Zin

Annotations:
D:7 endorz's ghost, novice TrMo


Innate Abilities, Weirdness & Mutations

Your body is rotting away.
You thrive on raw meat.
You are immune to poison.
You have sharp fingernails.
You are carnivorous and can eat meat at any time.
Your flesh is cold resistant. (rC+)
You are immune to negative energy. (rN+++)
You regenerate slowly when monsters are visible.
You are immune to unholy pain and torment.
You can survive without breathing.


Message History

Endorz's ghost is lightly damaged.
Endorz's ghost wails.
Endorz's ghost hits you!
You closely miss endorz's ghost.
Endorz's ghost is lightly damaged.
Endorz's ghost hits you!
* * * LOW HITPOINT WARNING * * *
You closely miss endorz's ghost.
Endorz's ghost is lightly damaged.
Endorz's ghost hits you.
* * * LOW HITPOINT WARNING * * *
You closely miss endorz's ghost.
Endorz's ghost is lightly damaged.
Endorz's ghost hits you!
* * * LOW HITPOINT WARNING * * *
Press: ? - help, Shift-Dir - straight line, f - endorz's ghost
Aim: endorz's ghost (lightly damaged, chance to defeat MR: 52%) Endorz's ghost resists with significant effort.
You feel somewhat more hungry. Endorz's ghost hits you!!
You die...

.. ###########'#
#........##.# # #)#
#.##.###### ##. #)#
#.........# ##...#.####
#.....#.#.# #.....@W..#
#.......#.#
##...#.##.###..........
##.##.#..........#.#.#
## #.##.###..####.#.#
#..............#.#
#########.######.#
#........# ##########


You could see endorz's ghost.

Vanquished Creatures
  The ghost of Jovan the Covered, an amateur HuWn (D:4)
  2 orc warriors
  2 ice beasts
  3 ogres
  The ghost of sour the Caller, an amateur MfSu (D:3)
  A big kobold (Sewer)
  2 bullfrogs
  A scorpion (D:6)
  A bullfrog zombie (D:7)
  4 orc priests
  4 hounds
  A jelly (D:6)
  2 orc wizards
  A centaur skeleton (D:4)
  3 iguanas
  5 worker ants
  12 adders
  4 river rats (Sewer)
  An ooze (Sewer)
  6 worms
  3 dart slugs
  2 leopard geckos
  9 orcs
  7 bats
  12 giant cockroaches
  3 goblins
  5 hobgoblins
  6 jackals
  6 quokkas
  4 ball pythons (Sewer)
  5 frilled lizards
  22 kobolds
  A leopard gecko skeleton (D:4)
  31 rats
173 creatures vanquished.

Vanquished Creatures (others)
  A goblin (D:2)
1 creature vanquished.

Grand Total: 174 creatures vanquished

Notes
Turn   | Place    | Note
-------+----------+-------------------------------------------
     0 | Abyss:1  | Gargoyl the Ghoul Abyssal Knight began the quest for the Orb.
     0 | Abyss:1  | Reached XP level 1. HP: 19/19 MP: 1/1
    67 | Abyss:2  | Noticed a large abomination
    78 | Abyss:2  | Noticed a large abomination
   108 | Abyss:2  | Noticed a small abomination
   156 | Abyss:4  | Found an opulent altar of Gozag.
   162 | Abyss:4  | Noticed a large abomination
   176 | Abyss:4  | Noticed a large abomination
   201 | Abyss:4  | Noticed a wretched star
   202 | Abyss:4  | Noticed a tentacled starspawn
   204 | Abyss:4  | Noticed a large abomination
   205 | Abyss:4  | Got a warped quarterstaff
   206 | D:1      | Escaped the Abyss
   207 | D:1      | Identified the cursed +2 quarterstaff of Internal Strife {drain, rF++} (You found it on level 4 of the Abyss)
   390 | D:1      | Reached * piety under Lugonu
   459 | D:1      | Reached XP level 2. HP: 26/26 MP: 2/2
   887 | D:1      | Reached XP level 3. HP: 33/33 MP: 3/3
  1304 | D:2      | Found a glowing silver altar of Zin.
  1304 | D:2      | Noticed an angel
  1305 | D:2      | Found a shimmering altar of Xom.
  1332 | D:2      | Reached skill level 1 in Dodging
  1415 | D:2      | Reached skill level 1 in Staves
  1903 | D:2      | Reached ** piety under Lugonu
  1945 | D:2      | Found a bloodstained altar of Trog.
  2026 | D:2      | Reached XP level 4. HP: 40/40 MP: 4/4
  2239 | D:3      | Reached skill level 2 in Staves
  2328 | D:3      | Reached XP level 5. HP: 40/46 MP: 6/6
  2349 | D:3      | Noticed sour's ghost (amateur MfSu)
  2392 | D:3      | Killed sour's ghost
  2392 | D:3      | Reached skill level 3 in Staves
  2392 | D:3      | Reached XP level 6. HP: 30/52 MP: 7/7
  2849 | D:4      | Found a staircase to the Ecumenical Temple.
  3128 | D:4      | Reached skill level 4 in Staves
  3416 | D:4      | Noticed Jovan's ghost (amateur HuWn)
  3429 | D:4      | Killed Jovan's ghost
  3429 | D:4      | Reached XP level 7. HP: 46/57 MP: 7/9
  3728 | D:5      | Entered Level 5 of the Dungeon
  3760 | D:5      | Noticed a moth of wrath
  3763 | D:5      | Found a bloodstained altar of Trog.
  3793 | D:5      | Reached skill level 5 in Staves
  4048 | D:5      | Reached *** piety under Lugonu
  4091 | D:5      | Found a glowing drain.
  4106 | Sewer    | Entered a sewer
  4381 | Sewer    | Reached XP level 8. HP: 63/66 MP: 10/10
  4608 | Sewer    | Reached **** piety under Lugonu
  4810 | D:5      | Got a jewelled falchion
  4811 | D:5      | Identified the +4 falchion of Fee Simple {vamp, -Tele rPois Str+5} (You found it on level 5 of the Dungeon)
  4925 | D:5      | Reached skill level 6 in Staves
  5429 | D:6      | Found a blossoming altar of Fedhas.
  5444 | D:6      | Found a stormy altar of Qazlal.
  5754 | D:6      | Reached skill level 5 in Armour
  5855 | D:6      | Reached skill level 7 in Staves
  5855 | D:6      | Reached XP level 9. HP: 73/73 MP: 11/11
  6003 | D:7      | Reached skill level 5 in Invocations
  6205 | D:7      | Reached skill level 5 in Fighting
  6381 | D:7      | Noticed endorz's ghost (novice TrMo)
  6394 | D:7      | Mangled by endorz's ghost

Skill      XL: |  1  2  3  4  5  6  7  8  9 |
---------------+----------------------------+-----
Armour         | 2 3 4 5 |  5.5
Dodging        | 1 |  1.8
Staves         | 1 2 3 4 5 7 |  7.4
Fighting       | 4 5 |  5.0
Invocations    | 3 4 5 |  5.3
Axes           | |  1.9
Throwing       | |  0.3

Action                   |  1- 3 |  4- 6 |  7- 9 || total
-------------------------+-------+-------+-------++-------
Melee: Quarterstaff      |    86 |   108 |   257 ||   451
Throw: Javelin           |       |       |     4 ||     4
Invok: Depart the Abyss  |     1 |       |       ||     1
       Banish            |       |       |     1 ||     1
  Use: Scroll            |     5 |     4 |     8 ||    17
       Potion            |       |       |    10 ||    10
  Eat: Chunk             |    16 |    17 |    33 ||    66
Armor: Leather armour    |    17 |       |       ||    17
       Scale mail        |    20 |    62 |       ||    82
       Chain mail        |       |    23 |   240 ||   263
Dodge: Dodged            |    42 |    71 |   157 ||   270
